 Dungeon Crawl Stone Soup version 0.28-a0-1505-g8c907de6ad (webtiles) character file.

Game seed: 15336547353010587914

88989 kae the Martial Artist (level 15, -2/140 HPs)
             Began as a Demonspawn Transmuter on Jan 13, 2022.
             Was an Initiate of Ru.
             Incinerated by a smoke demon (4 damage)
             ... with a sticky flame
             ... on level 4 of the Abyss.
             The game lasted 00:24:13 (33062 turns).

kae the Martial Artist (Demonspawn Transmuter)     Turns: 33062, Time: 00:24:14

Health: -2/140     AC: 14    Str: 14    XL:     15   Next: 48%
Magic:  29/29      EV: 17    Int: 18    God:    Ru [......]
Gold:   1321       SH:  5    Dex: 14    Spells: 19/34 levels left

rFire   . . .      SeeInvis .     - Unarmed
rCold   + + +      Faith    .   (shield currently unavailable)
rNeg    . . .      Spirit   .   (armour currently unavailable)
rPois   +          Reflect  +   (helmet currently unavailable)
rElec   .          Harm     .   (cloak currently unavailable)
rCorr   .          Rampage  .   (gloves currently unavailable)
Will    +....                   (boots unavailable)
Stlth   ..........              b - amulet of reflection
HPRegen 0.33/turn               q - +4 ring of protection
MPRegen 0.21/turn               K - ring "Hiraro" {rF+ EV+4}

@: on fire, ice-form, glowing, studying Invocations
A: freezing attack, amphibious, boosted hp, large, (hooves 3), (icy blue scales
1), foul stench 1, icemail 2, no stealth, condensation shield
a: End Transformation, Renounce Religion


You were on level 4 of the Abyss.
You worshipped Ru.
Ru was noncommittal.
You were a creature of crystalline ice.
You visited 3 branches of the dungeon, and saw 22 of its levels.
You visited the Abyss 1 time.
You also visited: Sewer.

You collected 1476 gold pieces.
You spent 155 gold pieces at shops.

Inventory:

Hand Weapons
 l - a +3 whip of electrocution (melded)
 P - the +11 battleaxe of Vejuf {drain, rN+ Will++ rCorr Str-2}
   (You found it on level 6 of the Lair of Beasts)

   A truly terrible weapon, it drains the life of any living foe it strikes.
   Str:       It affects your strength (-2).
   rN:        It protects you from negative energy.
   rCorr:     It protects you from acid and corrosion.
   Will:      It greatly increases your willpower.
Missiles
 j - 5 throwing nets
Armour
 a - a +0 robe (melded)
 h - a +1 cloak (melded)
 s - a +2 helmet
 O - the +2 hood of the Assassin (melded) {Detection Stab+ Stlth++}
   (You found it on level 6 of the Lair of Beasts)

   It allows the wearer to sense nearby creatures.
   It allows the wearer to make particularly effective stabbing attacks against
   helpless or unaware enemies with any weapon.
   Stlth:     It makes you much more stealthy.
Jewellery
 b - an amulet of reflection (around neck)
 q - a +4 ring of protection (left front paw)
 r - a ring of resist corrosion
 x - a ring of ice
 D - an amulet of magic regeneration
 E - a ring of protection from cold
 F - an amulet of faith
 K - the ring "Hiraro" (right front paw) {rF+ EV+4}
   (You found it on level 3 of the Lair of Beasts)

   [ring of evasion]

   EV:        It affects your evasion (+4).
   rF:        It protects you from fire.
 L - a ring of see invisible
 N - a +6 ring of intelligence
 Q - a ring of flight
 T - a ring of positive energy
Wands
 v - a wand of digging (6)
 y - a wand of paralysis (10)
 A - a wand of iceblast (7)
 C - a wand of flame (21)
 I - a wand of acid (7)
 J - a wand of mindburst (8)
 M - a wand of polymorph (4)
Scrolls
 c - 9 scrolls of teleportation
 d - 2 scrolls of amnesia
 i - a scroll of magic mapping
 k - 13 scrolls of identify
 m - 2 scrolls of enchant armour
 t - a scroll of blinking
 z - 2 scrolls of summoning
 H - a scroll of brand weapon
Potions
 e - 6 potions of flight
 f - 2 potions of might
 g - 3 potions of attraction
 n - 4 potions of invisibility
 o - a potion of cancellation
 p - 6 potions of mutation
 u - 2 potions of brilliance
 w - a potion of heal wounds
 B - 2 potions of magic
 G - 4 potions of lignification
 R - 2 potions of berserk rage


   Skills:
 + Level 10.9 Fighting
 + Level 7.9 Dodging
 * Level 14.1 Unarmed Combat
 + Level 10.2 Spellcasting
 * Level 14.0 Transmutations
 - Level 5.0 Ice Magic
 * Level 3.3 Air Magic
 - Level 1.0 Poison Magic


You had 19 spell levels left.
You knew the following spells:

 Your Spells              Type           Power      Damage    Failure   Level
a - Beastly Appendage     Tmut           100%       N/A       1%          1
b - Spider Form           Tmut/Pois      36%        N/A       1%          3
c - Ice Form              Ice/Tmut       43%        N/A       1%          4
d - Storm Form            Tmut/Air       20%        N/A       88%         7

Your spell library contained the following spells:

 Spells                   Type           Power      Damage    Failure   Level
 Wereblood                Tmut           56%        N/A       1%          2
 Animate Skeleton         Necr           18%        N/A       8%          1
 Apportation              Tloc           18%        N/A       8%          1
 Slow                     Hex            36%        N/A       8%          1
 Summon Small Mammal      Summ           36%        N/A       8%          1
 Blink                    Tloc           18%        N/A       12%         2
 Call Canine Familiar     Summ           9%         N/A       24%         3
 Confusing Touch          Hex            9%         N/A       24%         3
 Dazzling Flash           Conj/Hex       18%        N/A       24%         3
 Gell's Gravitas          Tloc           9%         N/A       24%         3
 Lesser Beckoning         Tloc           9%         N/A       24%         3
 Portal Projectile        Hex/Tloc       18%        N/A       24%         3
 Summon Guardian Golem    Hex/Summ       9%         N/A       24%         3
 Teleport Other           Tloc           9%         N/A       24%         3
 Vampiric Draining        Necr           9%         2d6       24%         3
 Leda's Liquefaction      Hex/Erth       4%         N/A       61%         4
 Silence                  Hex/Air        7%         N/A       73%         5
 Agony                    Necr           9%         N/A       91%         5
 Manifold Assault         Tloc           9%         N/A       91%         5
 Malign Gateway           Summ/Tloc      4%         N/A       100%        7
 Orb of Destruction       Conj           4%         9d2       100%        7
 Spellforged Servitor     Conj/Summ      4%         N/A       100%        7
 Summon Horrible Things   Summ           4%         N/A       100%        8


Dungeon Overview and Level Annotations

Branches:
Dungeon (15/15)            Temple (1/1) D:4            Lair (6/6) D:11
 Shoals (0/4) Lair:2        Snake (0/4) Lair:3        Slime (0/5) Lair:5
    Orc (0/2) D:11         Depths (0/4) D:15          Sewer (visited)
 Vaults: D:13-14

Altars:
Ashenzari
Cheibriados
Dithmenos
Elyvilon
Fedhas
Gozag
Hepliaklqana
Kikubaaqudgha
Makhleb
Nemelex Xobeh
Okawaru
Qazlal
Ru
Sif Muna
Trog
Uskayaw
Vehumet
Wu Jian
Xom
Yredelemnul
Zin
The Shining One
Jiyva

Shops:
D:4 ?   D:9 *

Portals:
Trove: D:10 (give +3 gold dragon scales)

Annotations:
D:5 1 runed translucent door, kae's ghost, novice TrTm
D:7 3 runed translucent doors, benappo's ghost, novice FoFi
D:12 3 runed translucent doors, Artemis1503's ghost, journeyman DjIE
Lair:5 1 runed translucent door


Innate Abilities, Weirdness & Mutations

You are a creature of crystalline ice.
You have a powerful freezing melee attack.
You are amphibious.
Your maximum health is increased.
Your armour is entirely melded.
You are incapable of wielding weapons or throwing items.
((You have hooves in place of feet.))
((You are partially covered in icy blue scales. (AC +2)))
You may rarely emit foul miasma when damaged in melee.
A meltable icy envelope protects you from harm. (AC +0)
You cannot be stealthy.
A meltable shield of frost defends you. (SH +0)


Message History

You block the smoke demon's attack. The smoke demon completely misses you.
The smoke demon hits you but does no damage.
You hit the smoke demon but do no damage.
The smoke demon is lightly wounded.
A thrashing horror comes into view.
The thrashing horror roars!
You hit the smoke demon but do no damage.
The smoke demon is lightly wounded.
The smoke demon gestures at you. The sticky flame misses you.
Your icy envelope is restored.
The smoke demon gestures at you.
The sticky flame hits you but does no damage.
Your icy defenses dissipate!
You are covered in liquid flames!
You are covered in liquid flames!
* * * LOW HITPOINT WARNING * * *
The smoke demon gestures at you. The sticky flame hits you.
You are covered in liquid flames!
* * * LOW HITPOINT WARNING * * *
You are covered in liquid flames!
* * * LOW HITPOINT WARNING * * *
The smoke demon gestures at you. The ball of steam hits you!
* * * LOW HITPOINT WARNING * * *
You are covered in liquid flames!
* * * LOW HITPOINT WARNING * * *
There is a gateway leading deeper into the Abyss here.
You can't go up here!
You are engulfed in a cloud of scalding steam.
* * * LOW HITPOINT WARNING * * *
You are covered in liquid flames!
* * * LOW HITPOINT WARNING * * *
The thrashing horror misses you. x3
The thrashing horror closely misses you.
You plunge deeper into the Abyss.
The abyssal rune of Zot can be found at this depth.
You are covered in liquid flames!
You die...

...#
≈...
≈... ...
##..
#...####
#.....#
#..Y#
#.##...#
.. ...#
..#
##... ..
.### # .
#


There were no monsters in sight!

Vanquished Creatures
  Gastronok (Lair:1)
  Nessos (D:15)
  A dire elephant (Lair:6)
  Snorg (Lair:6)
  A great orb of eyes (D:15)
  19 hydras
  5 boulder beetles
  2 catoblepae (Lair:6)
  2 centaur warriors
  A deep troll shaman (Lair:6)
  An ogre mage (D:10)
  8 death yaks (Lair:6)
  6 two-headed ogres
  A tengu warrior (D:14)
  Urug (D:11)
  3 thrashing horrors (Abyss:3)
  A deep troll earth mage (D:10)
  A deep elf knight (D:10)
  5 large abominations (D:13)
  An orb spider (shapeshifter) (D:15)
  A wizard (D:13)
  A deep elf archer (D:10)
  4 deep elf pyromancers
  An oklob plant (Lair:3)
  5 slime creatures
  17 ugly things
  2 cyclopes
  A manticore (D:15)
  3 black mambas
  24 elephants
  A worldbinder (Abyss:3)
  Joseph (D:7)
  A smoke demon (Abyss:3)
  A torpor snail (Lair:6)
  12 cane toads
  A gargoyle (D:14)
  2 unseen horrors (D:11)
  4 rime drakes
  9 komodo dragons
  5 trolls
  3 polar bears
  Prince Ribbit (D:8)
  7 blink frogs
  A hornet (D:10)
  5 dream sheep (Lair:5)
  A meliai zombie (D:11)
  A snapping turtle (Lair:2)
  A shadow (D:11)
  4 wraiths
  57 yaks
  4 wyverns
  3 basilisks
  2 steam dragons
  A hog (shapeshifter) (D:15)
  Edmund (D:6)
  3 vampire mosquitoes
  Menkaure (D:5)
  24 water moccasins
  2 acid dragons
  2 orc warriors
  A black bear (D:8)
  A boggart (D:10)
  4 ogres
  2 necrophages
  14 wolves
  10 centaurs
  2 phantoms (D:6)
  5 kobold brigands
  14 bullfrogs
  A gnoll sergeant (D:7)
  8 small abominations
  5 scorpions
  A wyvern zombie (D:8)
  A water moccasin skeleton (D:5)
  5 killer bees (D:9)
  An electric eel (Lair:3)
  A howler monkey (D:5)
  5 centaur zombies
  2 hounds
  2 jellies
  A bullfrog skeleton (D:6)
  2 orc priests
  3 centaur skeletons
  7 iguanas
  9 orc wizards
  Terence (D:2)
  A merfolk siren (Sewer)
  A merfolk avatar (Sewer)
  3 hound skeletons
  9 adders
  4 river rats (Sewer)
  8 gnolls
  A howler monkey skeleton (D:5)
  A white imp (Abyss:3)
  2 ufetubi
  3 worms
  2 dart slugs
  33 orcs
  18 ball pythons
  8 endoplasms
  2 giant cockroaches
  5 hobgoblins
  8 jackals
  17 kobolds
  3 quokkas
  3 bats
  4 frilled lizards
  7 goblins
  24 rats
557 creatures vanquished.

Vanquished Creatures (others)
  A rime drake (Lair:4)
  3 bushes (Lair:6)
  89 fungi
  168 plants
261 creatures vanquished.

Grand Total: 818 creatures vanquished

Notes
Turn   | Place    | Note
-------+----------+-------------------------------------------
     0 | D:1      | kae the Demonspawn Transmuter began the quest for the Orb.
     0 | D:1      | Reached XP level 1. HP: 15/15 MP: 3/3
   277 | D:1      | Found a faded altar of an unknown god.
   338 | D:1      | Gained mutation: A meltable shield of frost defends you.
                  | (SH +0) [demonic ancestry]
   338 | D:1      | Reached XP level 2. HP: 10/21 MP: 3/5
   483 | D:1      | Found Zimanwe's Antique Weapon Boutique.
  1232 | D:2      | Reached XP level 3. HP: 17/27 MP: 4/6
  1249 | D:2      | Learned a level 3 spell: Spider Form
  1692 | D:2      | Lost mutation: You have razor-sharp toenails. [demonic
                  | ancestry]
  1692 | D:2      | Lost mutation: You have sharp toenails. [demonic ancestry]
  1692 | D:2      | Gained mutation: You have large cloven feet. [demonic
                  | ancestry]
  1692 | D:2      | Reached XP level 4. HP: 31/33 MP: 7/7
  2180 | D:2      | Noticed Terence
  2193 | D:2      | Killed Terence
  2194 | D:2      | Reached skill level 1 in Poison Magic
  2585 | D:2      | Learned a level 4 spell: Ice Form
  2756 | D:3      | Found a glowing drain.
  2765 | Sewer    | Entered a sewer
  2805 | Sewer    | Reached XP level 5. HP: 34/38 MP: 8/8
  3567 | Sewer    | Gained mutation: You may rarely emit foul miasma when
                  | damaged in melee. [demonic ancestry]
  3567 | Sewer    | Reached XP level 6. HP: 39/46 MP: 8/10
  4402 | D:3      | Found a hide-covered altar of Uskayaw.
  4467 | D:3      | Found a sacrificial altar of Ru.
  5074 | D:4      | Found a basalt altar of Yredelemnul.
  5079 | D:4      | Found Hok Tuif's Magic Scroll Shop.
  5087 | D:4      | Bought 2 scrolls of identify for 40 gold pieces
  5087 | D:4      | Bought a scroll of identify for 20 gold pieces
  5087 | D:4      | Bought a scroll of identify for 20 gold pieces
  5087 | D:4      | Bought a scroll of identify for 20 gold pieces
  5087 | D:4      | Bought a scroll of identify for 20 gold pieces
  5087 | D:4      | Bought a scroll of fear for 35 gold pieces
  5494 | D:4      | Found a staircase to the Ecumenical Temple.
  5631 | Temple   | Entered the Ecumenical Temple
  5822 | D:3      | Became a worshipper of Ru the Awakened
  5863 | D:5      | Entered Level 5 of the Dungeon
  5930 | D:4      | Gained mutation: You are partially covered in icy blue
                  | scales. (AC +2) [demonic ancestry]
  5930 | D:4      | Reached XP level 7. HP: 45/52 MP: 9/12
  6298 | D:5      | Reached skill level 5 in Unarmed Combat
  6570 | D:5      | Reached skill level 5 in Transmutations
  6570 | D:5      | Gained mutation: A meltable icy envelope protects you from
                  | harm. (AC +0) [demonic ancestry]
  6570 | D:5      | Reached XP level 8. HP: 40/60 MP: 10/13
  6817 | D:5      | Noticed kae's ghost (novice TrTm)
  6848 | D:5      | Found a runed translucent door.
  6862 | D:5      | Found a burning altar of Makhleb.
  6894 | D:5      | Found a snail-covered altar of Cheibriados.
  7068 | D:5      | Noticed Menkaure
  7076 | D:5      | Killed Menkaure
  7457 | D:6      | Noticed Edmund
  7468 | D:6      | Killed Edmund
  7469 | D:6      | Reached skill level 1 in Ice Magic
  7667 | D:6      | Reached XP level 9. HP: 59/66 MP: 16/16
  8891 | D:7      | Noticed Joseph
  8908 | D:7      | HP: 4/80 [Joseph (16)]
  8909 | D:7      | Killed Joseph
  8910 | D:7      | Reached skill level 5 in Fighting
  8910 | D:7      | Reached skill level 5 in Spellcasting
  9513 | D:7      | Found a runed translucent gate.
  9513 | D:7      | Found a runed translucent gate.
  9513 | D:7      | Found a runed translucent gate.
  9521 | D:7      | Noticed benappo's ghost (novice FoFi)
  9827 | D:7      | Found a bloodstained altar of Trog.
  9848 | D:7      | Found a shadowy altar of Dithmenos.
  9849 | D:7      | Found a stormy altar of Qazlal.
 10140 | D:8      | Noticed Prince Ribbit
 10151 | D:8      | Killed Prince Ribbit
 10426 | D:8      | Found a shimmering blue altar of Sif Muna.
 10878 | D:8      | Noticed a seven-headed hydra
 10915 | D:8      | Gained mutation: You have hoof-like feet. [demonic
                  | ancestry]
 10915 | D:8      | Reached XP level 10. HP: 74/74 MP: 13/18
 10958 | D:8      | Killed a seven-headed hydra
 12245 | D:9      | Found Qim Vasyo's CLEARANCE SALE!.
 12260 | D:9      | Reached skill level 5 in Ice Magic
 12261 | D:9      | Noticed a two-headed ogre
 12270 | D:9      | Killed a two-headed ogre
 13560 | D:10     | Entered Level 10 of the Dungeon
 13666 | D:9      | Reached XP level 11. HP: 70/83 MP: 16/20
 13831 | D:10     | Found a portal to a secret trove of treasure.
 13872 | D:10     | Found an ornate altar of the Wu Jian Council.
 13953 | D:10     | Noticed a deep elf knight
 13975 | D:10     | Killed a deep elf knight
 14624 | D:10     | Noticed a deep troll earth mage
 14639 | D:10     | Noticed a deep elf archer
 14641 | D:10     | Killed a deep troll earth mage
 14650 | D:10     | Killed a deep elf archer
 15198 | D:10     | Noticed an ogre mage
 15211 | D:10     | Killed an ogre mage
 15364 | D:10     | Found an iron altar of Okawaru.
 15584 | D:11     | Found a staircase to the Orcish Mines.
 15679 | D:11     | Gained mutation: You cannot be stealthy. [Ru sacrifice]
 15737 | D:11     | Noticed a two-headed ogre
 15747 | D:11     | Killed a two-headed ogre
 15870 | D:11     | Reached skill level 10 in Unarmed Combat
 16185 | D:11     | Noticed Urug
 16197 | D:11     | Killed Urug
 16447 | D:11     | Noticed a five-headed hydra
 16456 | D:11     | Killed a five-headed hydra
 16457 | D:11     | Reached skill level 10 in Transmutations
 16475 | D:11     | Noticed a two-headed ogre
 16483 | D:11     | Killed a two-headed ogre
 16484 | D:11     | Gained mutation: A meltable icy envelope protects you from
                  | harm. (AC +0) [demonic ancestry]
 16484 | D:11     | Reached XP level 12. HP: 72/92 MP: 22/22
 16641 | D:11     | Found a staircase to the Lair.
 16787 | D:11     | Noticed a two-headed ogre
 16794 | D:11     | Killed a two-headed ogre
 17359 | Lair:1   | Entered Level 1 of the Lair of Beasts
 17577 | Lair:1   | Noticed a six-headed hydra
 17589 | Lair:1   | Killed a six-headed hydra
 17996 | Lair:1   | Noticed an eight-headed hydra
 18003 | Lair:1   | Killed an eight-headed hydra
 18609 | Lair:1   | Noticed Gastronok
 18690 | Lair:1   | Killed Gastronok
 19629 | Lair:2   | Noticed a seven-headed hydra
 19637 | Lair:2   | Killed a seven-headed hydra
 19638 | Lair:2   | Reached skill level 5 in Dodging
 19851 | Lair:2   | You fall into a shaft and drop 1 floor!
 19866 | Lair:2   | Reached XP level 13. HP: 96/99 MP: 25/25
 20108 | Lair:2   | Found a staircase to the Shoals.
 21413 | Lair:3   | Identified the ring "Hiraro" {rF+ EV+4}
 21889 | Lair:3   | Found a staircase to the Snake Pit.
 24036 | Lair:5   | Found a shimmering altar of Xom.
 24041 | Lair:5   | Found a staircase to the Slime Pits.
 24573 | Lair:5   | Found a runed translucent door.
 24864 | Lair:6   | Entered Level 6 of the Lair of Beasts
 25192 | Lair:6   | Gained mutation: You have hooves in place of feet. [demonic
                  | ancestry]
 25192 | Lair:6   | Reached XP level 14. HP: 109/109 MP: 23/27
 25914 | Lair:6   | Noticed Snorg
 25976 | Lair:6   | Reached skill level 10 in Fighting
 26372 | Lair:6   | Killed Snorg
 28188 | Lair:6   | Found the +2 hood of the Assassin {Detection Stab+ Stlth++}
 28194 | Lair:6   | Identified the +11 battleaxe of Vejuf {drain, rN+ Will++
                  | rCorr Str-2}
 29040 | D:12     | Found a runed translucent gate.
 29040 | D:12     | Found a runed translucent gate.
 29040 | D:12     | Found a runed translucent gate.
 29040 | D:12     | Found a viscous altar of Jiyva.
 29040 | D:12     | Noticed an azure jelly
 29040 | D:12     | Noticed a quicksilver ooze
 29040 | D:12     | Noticed an acid blob
 29040 | D:12     | Noticed an acid blob
 29040 | D:12     | Noticed an azure jelly
 29040 | D:12     | Noticed an azure jelly
 29040 | D:12     | Noticed Artemis1503's ghost (journeyman DjIE)
 29040 | D:12     | Noticed an acid blob
 29040 | D:12     | Noticed a rockslime
 29040 | D:12     | Noticed an azure jelly
 29040 | D:12     | Noticed an azure jelly
 29040 | D:12     | Noticed an azure jelly
 29176 | D:12     | Identified the +2 robe of Impermeability {rCorr Dex+6}
 29898 | D:13     | Learned a level 7 spell: Storm Form
 29966 | D:13     | Reached XP level 15. HP: 117/117 MP: 24/28
 30071 | D:13     | You fall into a shaft and drop 2 floors!
 30071 | D:15     | Entered Level 15 of the Dungeon
 30094 | D:15     | Reached skill level 10 in Spellcasting
 30188 | D:15     | Reached skill level 1 in Air Magic
 30455 | D:15     | Found a staircase to the Depths.
 30955 | D:15     | Noticed Nessos
 30981 | D:15     | Killed Nessos
 32869 | D:14     | Cast into level 3 of the Abyss (a wizard)
 33061 | Abyss:3  | HP: 5/140 [smoke demon] (12)]
 33061 | Abyss:3  | HP: 2/140 [burnt (3)]
 33062 | Abyss:4  | Incinerated by a smoke demon

Illustrated notes

Levels and vault maps discovered:
D:1:      minmay_arrival_loop, layout_loops_ring, serial_shops,
          nicolae_diamond_shop, ebering_ecumenical_altar_abandoned
D:2:      layout_loops_ring, uniq_terence
D:3:      wad_crossroads, layout_loops_ring, nicolae_uskayaw_suspiria,
          nicolae_overflow_hidden_temple, portal_sewer_entry_d
D:4:      layout_loops_ring, yredelemnul_altar_generic,
          minmay_temple_entry_fiery, serial_shops, shop
D:5:      cheibrodos_fzero, layout_cave_pools, makhleb_heckhound_becter,
          mainiacjoe_overflow_catch_the_wave, hellmonk_ghost_happy_afterlife,
          serial_glass, glass_columns_b, glass_columns_a, minivault_4,
          amethyst_killhole, uniq_menkaure
D:6:      layout_gridville, uniq_edmund
D:7:      layout_cave_pools, general_overflow_altar, minitemple,
          ebering_ghost_rock_garden, uniq_joseph
D:8:      layout_loops_ring, nicolae_sif_muna_condensation, grunt_ministairs_15,
          minmay_puff, uniq_prince_ribbit1
D:9:      layout_stronghold, nicolae_shop_clearance
D:10:     minmay_the_grid_plus_closed [minmay_the_grid_eight, minmay_the_grid_x,
          minmay_the_grid_fan, minmay_the_grid_zigzag_pyramid,
          minmay_the_grid_prize_diamond_cup], layout_cave_pools,
          mainiacjoe_overflow_cross_hatched, okawaru_ov_weapons_minmay,
          nicolae_trove_entry_free_sample, small_chamber_with_monster
D:11:     layout_gridville, due_lair_maze_entry_diamond, david_orc_2,
          st_stairs_4, uniq_urug
D:12:     layout_layer_cave, gammafunk_ghost_ooze
D:13:     layout_roguey, laboratory
D:14:     layout_basic, grunt_vaults_entry_fortified, nicolae_vehumet_radiance,
          roderic_lattice_a
D:15:     gammafunk_enter_depths_forms, layout_long_grid, roderic_filled_cross,
          uniq_nessos
Temple:   nicolae_temple_figure_zero
Lair:1:   layout_cave_pods, infiniplex_staircase_pool_2, uniq_gastronok
Lair:2:   layout_regular_city, minmay_shoals_entry_hut, beast_lair_carwin_8
Lair:3:   cheibrodos_lair_river_kwai, layout_gridlike, dummy_snake_entry,
          minmay_lair_oklob_items
Lair:4:   layout_misc_corridors, lemuel_fruit_tree, grunt_megastairs_2,
          infiniplex_staircase_pool
Lair:5:   layout_layer_cave, slime_dummy, basic_altar, pf_torpor_hydra
Lair:6:   grunt_lair_end_beastmaster, layout_loops_ring, uniq_snorg
Abyss:4:  base: D:10, hangedman_steaming_rock,
          evilmike_nicolae_abyss_rune_containment_curve,
          hangedman_stitches_earthworm

Skill      XL: |  1  2  3  4  5  6  7  8  9 10 11 12 13 14 15 |
---------------+----------------------------------------------+-----
Transmutations | 2 3 4 5 6 7 8 10 11 12 13 14 | 14.0
Unarmed Combat | 3 4 5 6 7 9 10 11 12 13 14 | 14.1
Poison Magic   | 1 |  1.0
Fighting       | 2 3 4 5 6 7 8 9 10 | 10.9
Spellcasting   | 3 4 5 6 7 8 9 10 | 10.2
Ice Magic      | 1 4 5 |  5.0
Dodging        | 3 5 6 7 |  7.9
Air Magic      | 3 |  3.3

Action                   |  1- 3 |  4- 6 |  7- 9 | 10-12 | 13-15 || total
-------------------------+-------+-------+-------+-------+-------++-------
Melee: Unarmed           |    83 |    91 |   271 |   493 |   986 ||  1924
       Kick              |    14 |    48 |    25 |     2 |     6 ||    95
       Headbutt          |     8 |    18 |     1 |       |       ||    27
       Whip              |       |   160 |    67 |     9 |    13 ||   249
       Punch             |       |     3 |     5 |       |     1 ||     9
 Cast: Beastly Appendage |    20 |    44 |     2 |     1 |       ||    67
       Spider Form       |       |     6 |    13 |       |       ||    19
       Ice Form          |       |       |    21 |    63 |    99 ||   183
Invok: Reject Sacrifices |       |       |     1 |     1 |     1 ||     3
       Sacrifice Stealth |       |       |       |     1 |       ||     1
Evoke: Wand              |       |       |       |       |     5 ||     5
  Use: Scroll            |       |    17 |     5 |     3 |     7 ||    32
       Potion            |       |     1 |       |     1 |     1 ||     3
 Stab: Sleeping          |       |     2 |     1 |       |       ||     3
       Paralysed         |       |       |       |       |     3 ||     3
Armor: Robe              |    14 |    36 |    44 |    15 |    11 ||   120
       Skin              |       |     2 |    62 |   231 |   510 ||   805
Dodge: Dodged            |    50 |   151 |   164 |   217 |   662 ||  1244
Block: Other             |    14 |    61 |   149 |   174 |   436 ||   834
       Reflection        |       |       |     3 |     8 |     8 ||    19

Table legend: (Time is in decaauts)
 A = Elapsed time spent in this place.
 B = Non-inter-level travel time spent in this place.
 C = Inter-level travel time spent in this place.
 D = Time resting spent in this place.
 E = Time spent auto-exploring this place.
 F = Levels seen in this place.
 G = Mean time per level.
                   A        B        C        D        E       F      G
               +--------+--------+--------+--------+--------+-----+--------+
         Total |  32847 |  31841 |   1006 |   2100 |  25094 |  25 | 1313.9 |
       Dungeon |  20609 |  19991 |    618 |   1827 |  15264 |  15 | 1373.9 |
        Temple |    123 |    113 |     10 |      0 |    113 |   1 |  123.0 |
          Lair |  10897 |  10521 |    376 |    120 |   9039 |   6 | 1816.2 |
         Abyss |    181 |    181 |      0 |     11 |     88 |   2 |   90.5 |
         Sewer |   1035 |   1035 |      0 |    142 |    588 |   1 | 1035.0 |
               +--------+--------+--------+--------+--------+-----+--------+

Top non-repeatable levels by time:
  Lair:6: 3146 daAuts
     D:9: 2138 daAuts
    D:10: 1856 daAuts
    D:11: 1798 daAuts
  Lair:1: 1709 daAuts
  Lair:2: 1703 daAuts
  Lair:3: 1645 daAuts
  Lair:5: 1625 daAuts
    D:15: 1597 daAuts
     D:8: 1588 daAuts
     D:2: 1524 daAuts
     D:4: 1469 daAuts
     D:5: 1255 daAuts
     D:7: 1253 daAuts
     D:6: 1238 daAuts
